 Dungeon Crawl Stone Soup version 0.28-a0-1412-gf95308ed99 (webtiles) character file.

Game seed: 14312894895355411832

86 riojii the Skirmisher (level 4, 35/35 HPs)
             Began as a Demonspawn Berserker on Jan 6, 2022.
             Was a Believer of Trog.
             Quit the game on level 2 of the Dungeon.
             The game lasted 00:06:03 (2693 turns).

riojii the Skirmisher (Demonspawn Berserker)        Turns: 2693, Time: 00:06:04

Health: 35/35      AC:  7    Str: 19    XL:     4   Next: 27%
Magic:  4/4        EV: 11    Int:  8    God:    Trog [**....]
Gold:   56         SH:  0    Dex: 15    Spells: 3/3 levels left

rFire   . . .      SeeInvis .     - Unarmed
rCold   . . .      Faith    .   (no shield)
rNeg    . . .      Spirit   .   l - +0 ring mail
rPois   .          Reflect  .   (no helmet)
rElec   .          Harm     .   (no cloak)
rCorr   .          Rampage  .   j - +0 pair of gloves
Will    .....                   a - +0 pair of boots
Stlth   ++........              (no amulet)
HPRegen 0.11/turn               (no ring)
MPRegen 0.09/turn               (no ring)

@: no status effects
A: thin skeletal structure 1, ignite blood 1
a: Renounce Religion, Berserk, Trog's Hand


You were on level 2 of the Dungeon.
You worshipped Trog.
Trog was pleased with you.
You visited 1 branch of the dungeon, and saw 2 of its levels.

You collected 56 gold pieces.

Inventory:

Armour
 a - a +0 pair of boots (worn)
 j - a +0 pair of gloves (worn)
 l - a +0 ring mail (worn)
Wands
 k - a wand of digging (2)
Scrolls
 d - a scroll of amnesia {unknown}
 e - a scroll of magic mapping {unknown}
 g - 3 scrolls of torment {unknown}
 h - a scroll of blinking {unknown}
 i - a scroll of silence {unknown}
Potions
 b - 2 potions of heal wounds {unknown}
 c - 2 potions of attraction {unknown}


   Skills:
 + Level 3.5 Fighting
 + Level 2.5 Armour
 + Level 2.4 Dodging
 * Level 3.4 Unarmed Combat


You had 3 spell levels left.
You didn't know any spells.
Your spell library was empty.

Dungeon Overview and Level Annotations

Branches:
Dungeon (2/15)

Altars:


Innate Abilities, Weirdness & Mutations

You have a somewhat thin skeletal structure. (Dex +2, Stealth+)
Your demonic aura sometimes causes spilled blood to erupt in flames.


Message History

The dart slug bites you but does no damage.
You hit the dart slug.
You kill the dart slug!
Trog accepts your kill.
An endoplasm comes into view.
Found a dagger.
The helpless endoplasm fails to defend itself.
You hit the endoplasm but do no damage.
The endoplasm hits you but does no damage.
You hit the endoplasm.
The endoplasm is almost dead.
You hit the endoplasm but do no damage.
You punch the endoplasm, but do no damage.
The endoplasm is almost dead.
The endoplasm freezes you.
You are frozen.
You hit the endoplasm.
You kill the endoplasm!
Trog accepts your kill.
An adder comes into view.
An adder is nearby!
The adder hisses angrily.
The adder bites you but does no damage.
You barely miss the adder. The adder bites you.
You barely miss the adder. The adder bites you.
You closely miss the adder. The adder bites you but does no damage.
You hit the adder.
The adder is heavily wounded.
The adder closely misses you. The adder barely misses you.
You barely miss the adder.
The adder is heavily wounded.
The adder barely misses you.
You punch the adder!
You kill the adder!
Trog accepts your kill.
Found a stone staircase leading up.
Done exploring.
Done exploring.
Done exploring.
Are you sure you want to abandon this character and quit the game? (Confirm with "yes".)

....##..##...# #.#>...#..#.......
............## #.#....#..#.######
.....##..#### #.#....#..#.##....
.....###.## #.#....#..#.##.###
.....# #..# #.####.#..#......#
.....# ##)# #.# #.#..########
.....# #.## #.# #.#.........#
.....####..#####.# #.#.#######.#
................@# #.#.#.......#
.#.#######..####.####.#.#.#......
<#.#...........#.#....#.#.#.###.#
.#.#.######..#.#.#.####.#.#.#....
.#.#.# ##.#.#.#.#..#<#.#.#.#.#
##.#.# #...#.#.#<.#.#.#.#....
...#.# ##..#.#.#.##.#.#.#####
.....# #..#.#.#....#<.......
########## ###.#.#.##############


There were no monsters in sight!

Vanquished Creatures
  4 adders (D:2)
  A worm (D:2)
  2 dart slugs
  8 ball pythons (D:1)
  4 endoplasms
  A giant cockroach (D:2)
  A hobgoblin (D:1)
  2 quokkas (D:1)
  6 bats
  5 frilled lizards
  4 goblins (D:1)
  5 kobolds
  4 rats
47 creatures vanquished.

Notes
Turn   | Place    | Note
-------+----------+-------------------------------------------
     0 | D:1      | riojii the Demonspawn Berserker began the quest for the
                  | Orb.
     0 | D:1      | Reached XP level 1. HP: 18/18 MP: 1/1
     2 | D:1      | Noticed a merfolk
     2 | D:1      | Noticed a naga
     4 | D:1      | Noticed a gargoyle
     4 | D:1      | Noticed a minotaur
     6 | D:1      | Noticed a demigod
     8 | D:1      | Noticed a demonspawn
     8 | D:1      | Noticed a vampire
    10 | D:1      | Noticed a tengu
    14 | D:1      | Noticed a draconian
    14 | D:1      | Noticed a troll
    17 | D:1      | Noticed an elf
    17 | D:1      | Noticed a vine stalker
    19 | D:1      | Noticed a dwarf
    19 | D:1      | Noticed a human
    21 | D:1      | Noticed a spriggan
    21 | D:1      | Noticed a felid
    23 | D:1      | Noticed a ghoul
    25 | D:1      | Noticed an octopode
    25 | D:1      | Noticed an ogre
    27 | D:1      | Noticed a formicid
   584 | D:1      | Gained mutation: Your demonic aura sometimes causes spilled
                  | blood to erupt in flames. [demonic ancestry]
   584 | D:1      | Reached XP level 2. HP: 24/24 MP: 2/2
  1148 | D:1      | Gained mutation: You have a somewhat thin skeletal
                  | structure. (Dex +2, Stealth+) [demonic ancestry]
  1148 | D:1      | Reached XP level 3. HP: 28/29 MP: 3/3
  1207 | D:1      | Reached ** piety under Trog
  2221 | D:2      | Reached XP level 4. HP: 35/35 MP: 4/4
  2693 | D:2      | Quit the game

Illustrated notes

Levels and vault maps discovered:
D:1:      kb_arrival_jail, layout_basic
D:2:      layout_basic

Skill      XL: |  1  2 |
---------------+-------+-----
Dodging        | 2 |  2.4
Armour         | 2 |  2.5
Unarmed Combat | 3 |  3.4
Fighting       | |  3.5

Action                   |  1- 3 |  4- 6 || total
-------------------------+-------+-------++-------
Melee: Unarmed           |   126 |    15 ||   141
       Punch             |     5 |     1 ||     6
Invok: Berserk           |     4 |       ||     4
 Stab: Sleeping          |     3 |     1 ||     4
Armor: Animal skin       |     8 |       ||     8
       Ring mail         |    42 |     4 ||    46
Dodge: Dodged            |    68 |     6 ||    74

Table legend: (Time is in decaauts)
 A = Elapsed time spent in this place.
 B = Non-inter-level travel time spent in this place.
 C = Inter-level travel time spent in this place.
 D = Time resting spent in this place.
 E = Time spent auto-exploring this place.
 F = Levels seen in this place.
 G = Mean time per level.
                   A        B        C        D        E       F      G
               +--------+--------+--------+--------+--------+-----+--------+
         Total |   2721 |   2721 |      0 |    473 |   1809 |   2 | 1360.5 |
       Dungeon |   2721 |   2721 |      0 |    473 |   1809 |   2 | 1360.5 |
               +--------+--------+--------+--------+--------+-----+--------+

Top non-repeatable levels by time:
     D:1: 1465 daAuts
     D:2: 1256 daAuts
